 Dungeon Crawl Stone Soup version 0.24.0-13-gcf9b319 (webtiles) character file.

Game seed: 17854462198702728303, levelgen mode: deterministic

2697 Fang the Skirmisher (level 9, -2/59 HPs)
             Began as a Gargoyle Fighter on Jan 2, 2020.
             Was a Follower of Trog.
             Killed from afar by a battlesphere (6 damage)
             ... created by a deep elf mage
             ... on level 7 of the Dungeon.
             The game lasted 00:10:53 (6412 turns).

Fang the Skirmisher (Gargoyle Fighter)              Turns: 6412, Time: 00:10:54

Health: -2/59      AC: 20    Str: 22      XL:     9   Next: 65%
Magic:  9/9        EV:  6    Int: 10      God:    Trog [*.....]
Gold:   290        SH: 10    Dex:  4 (9)  Spells: 8/8 levels left

rFire    . . .     SeeInvis .   a - +0 war axe
rCold    . . .     Gourm    .   B - +0 shield
rNeg     + . .     Faith    .   b - +0 chain mail
rPois    ∞         Spirit   .   e - +2 helmet
rElec    +         Reflect  .   (no cloak)
rCorr    .         Harm     .   (no gloves)
MR       .....                  (no boots)
Stlth    ..........             k - amulet of regeneration
HPRegen  0.59/turn              (no ring)
MPRegen  0.11/turn              (no ring)

@: no status effects
A: negative energy resistance 1, electricity resistance, unbreathing,
petrification resistance, rot immunity, AC +6
a: Berserk, Renounce Religion


You were on level 7 of the Dungeon.
You worshipped Trog.
Trog was aware of your devotion.
You were not hungry.

You visited 2 branches of the dungeon, and saw 8 of its levels.

You collected 290 gold pieces.

Inventory:

Hand Weapons
 a - a +0 war axe (weapon)
Armour
 b - a +0 chain mail (worn)
 e - a +2 helmet (worn)
 B - a +0 shield (worn)
Jewellery
 k - an amulet of regeneration (around neck)
 o - an uncursed amulet of the gourmand
 s - the ring of the Moon {Str+2 Int+2 Dex+4 Slay-6, unknown}
   (You found it on level 6 of the Dungeon)

   [ring of intelligence]

   It affects your strength (+2).
   It affects your intelligence (+2).
   It affects your dexterity (+4).
   It affects your accuracy and damage with ranged weapons and melee attacks
   (-6).
Scrolls
 f - 3 scrolls of remove curse
 j - 6 scrolls of teleportation
 p - a scroll of magic mapping
 v - a scroll of identify
Potions
 d - 2 potions of might
 g - 2 potions of brilliance
 h - a potion of invisibility {unknown}
 i - 2 potions of curing
 l - 2 potions of agility {unknown}
 m - 2 potions of haste
 n - a potion of cancellation {unknown}
 q - 2 potions of magic {unknown}
 r - 4 potions of lignification {unknown}
 t - a potion of mutation {unknown}
 u - a potion of degeneration {unknown}
 x - a potion of resistance {unknown}
Comestibles
 c - 16 rations
 w - a chunk of flesh


   Skills:
 + Level 7.8 Fighting
 + Level 6.1 Axes
 + Level 7.8 Armour
 + Level 7.8 Shields


You had 8 spell levels left.
You didn't know any spells.
Your spell library was empty.

Dungeon Overview and Level Annotations

Branches:
Dungeon (7/15)             Temple (1/1) D:4

Altars:
Ashenzari
Dithmenos
Fedhas
Gozag
Hepliaklqana
Kikubaaqudgha
Makhleb
Qazlal
Ru
Sif Muna
Trog
Uskayaw
Vehumet
Xom
Yredelemnul
Zin

Shops:
D:4 !


Innate Abilities, Weirdness & Mutations

You are resistant to torment.
Your stone body is resilient. (AC +6)
You are immune to poison.
You resist negative energy. (rN+)
You are resistant to electric shocks. (rElec)
You can survive without breathing.
You are immune to petrification.
You are immune to rotting.


Message History

You block the deep elf mage's attack.
You slash the deep elf mage!
The deep elf mage is almost dead.
The deep elf mage hits you but does no damage.
You barely miss the deep elf mage.
The deep elf mage is almost dead.
You hit the battlesphere. You block the deep elf mage's attack.
You closely miss the deep elf mage.
The deep elf mage is almost dead.
The deep elf mage barely misses you.
You hit the deep elf mage but do no damage.
The deep elf mage is almost dead.
The deep elf mage gestures at you while chanting.
The orb of energy hits you!!
The orb of energy explodes!
The battlesphere fires!
The barrage of energy hits you!
* * * LOW HITPOINT WARNING * * *
The deep elf mage points at you and mumbles some strange words.
You block the lance of force.
The battlesphere fires!
The barrage of energy hits you.
You die...

...#..#..††.#
...#..#.....###
...#..#.........#
####..'.........#
...÷..#......... ######
......#.......#####....#
......#.......#...#....#
.(....#.......#.e.#....#
..##..#.......#.@.#....#
..##..#.......##'##....#
..#...##'#####(..(.....#
..#.........#...8)*....#
..#.........#..........#
..######...##..#.......#
..##..##'#######.......#
......#....# ..........+
......#....#...........#


You could see a deep elf mage and a battlesphere.

Vanquished Creatures
  Pikel (D:6)
  A hippogriff (D:7)
  A wyvern (D:5)
  An ice beast (D:7)
  A sky beast (D:5)
  2 centaurs
  An ogre (D:7)
  A big kobold (D:7)
  3 bullfrogs
  6 killer bees (D:7)
  A howler monkey (D:5)
  3 crimson imps (D:5)
  A quasit (D:7)
  A bullfrog zombie (D:6)
  5 hounds
  3 orc priests
  Crazy Yiuf (D:2)
  A centaur skeleton (D:5)
  3 iguanas
  7 orc wizards
  2 worker ants (D:5)
  A hound zombie (D:6)
  A mummy (D:4)
  2 worker ant zombies (D:5)
  4 adders
  A shadow imp (D:5)
  An adder zombie (D:5)
  An ooze (D:2)
  An adder skeleton (D:5)
  2 worms
  A dart slug (D:2)
  A leopard gecko (D:5)
  14 orcs
  10 bats
  5 giant cockroaches
  8 goblins
  9 hobgoblins
  11 kobolds
  4 quokkas
  A ball python (D:4)
  4 frilled lizards
  3 hobgoblin zombies (D:4)
  An orc zombie (D:4)
  10 rats
142 creatures vanquished.

Vanquished Creatures (others)
  An orc wizard (D:5)
1 creature vanquished.

Grand Total: 143 creatures vanquished

Notes
Turn   | Place    | Note
-------+----------+-------------------------------------------
     0 | D:1      | Fang the Gargoyle Fighter began the quest for the Orb.
     0 | D:1      | Reached XP level 1. HP: 14/14 MP: 1/1
   394 | D:1      | Reached XP level 2. HP: 15/19 MP: 2/2
   856 | D:2      | Found a runed translucent door.
   857 | D:2      | Noticed Crazy Yiuf
   945 | D:2      | Reached XP level 3. HP: 22/23 MP: 3/3
  1341 | D:2      | Reached XP level 4. HP: 5/29 MP: 4/4
  1848 | D:2      | Noticed a bullfrog
  1875 | D:2      | Killed a bullfrog
  1875 | D:2      | Reached XP level 5. HP: 15/33 MP: 5/5
  2386 | D:2      | Killed Crazy Yiuf
  3454 | D:4      | Reached XP level 6. HP: 23/39 MP: 6/6
  3500 | D:4      | Found a staircase to the Ecumenical Temple.
  3596 | Temple   | Entered the Ecumenical Temple
  3682 | Temple   | Became a worshipper of Trog the Wrathful
  3963 | D:4      | Reached skill level 5 in Fighting
  3963 | D:4      | Reached skill level 5 in Armour
  4090 | D:4      | Reached skill level 5 in Shields
  4090 | D:4      | Reached XP level 7. HP: 44/44 MP: 7/7
  4449 | D:4      | Found Qeiffack's Distillery.
  4502 | D:5      | Entered Level 5 of the Dungeon
  4739 | D:5      | Reached * piety under Trog
  4877 | D:5      | Reached XP level 8. HP: 51/51 MP: 8/8
  5218 | D:5      | Noticed a wyvern
  5225 | D:5      | Killed a wyvern
  5543 | D:6      | Reached skill level 5 in Axes
  5571 | D:6      | Noticed Pikel
  5598 | D:6      | Killed Pikel
  5598 | D:6      | Reached XP level 9. HP: 57/57 MP: 9/9
  5729 | D:6      | Got a warped copper ring
  5960 | D:7      | HP: 1/57 [killer bee (6)]
  6395 | D:7      | Found a shimmering altar of Xom.
  6396 | D:7      | Noticed a deep elf mage
  6412 | D:7      | Killed from afar by a battlesphere

Levels and vault maps discovered:
D:1:      eino_arrival_druids_welcome, layout_loops_corners
D:2:      layout_loops_ring, first_ration, minmay_increasing_density,
          uniq_crazy_yiuf_cottage
D:3:      layout_basic, hex_medium, chequers_garden
D:4:      layout_cave_pools, minmay_temple_entry_wispy, serial_shops,
          nicolae_shop_behind_doors, minmay_mini_ossuary
D:5:      layout_loops_ring
D:6:      layout_loops_ring, dk_noncrumbling_3, uniq_pikel
D:7:      layout_gridville, okawaru_humans, the_bakery, david_defended_altar_elf
Temple:   compressed_dpeg_circular_temple

Skill      XL: |  1  2  3  4  5  6  7  8  9 |
---------------+----------------------------+-----
Axes           | 2 3 4 5 6 |  6.1
Fighting       | 4 5 7 |  7.8
Armour         | 4 5 7 |  7.8
Shields        | 4 5 7 |  7.8

Action                   |  1- 3 |  4- 6 |  7- 9 || total
-------------------------+-------+-------+-------++-------
Melee: War axe           |   203 |   227 |   399 ||   829
Invok: Berserk           |       |       |     1 ||     1
  Use: Scroll            |     3 |     4 |     6 ||    13
       Potion            |       |     1 |     3 ||     4
  Eat: Chunk             |     2 |     9 |    10 ||    21
Armor: Scale mail        |    14 |       |       ||    14
       Chain mail        |   134 |   249 |   432 ||   815
Dodge: Dodged            |    74 |    86 |   141 ||   301
Block: Shield            |   160 |   140 |   326 ||   626
